 Dungeon Crawl Stone Soup version 0.31-a0-198-g2ad674f65e (webtiles) character file.

Game seed: 16987729943982533777

30 qw the Shooter (level 3, -1/20 HPs)
             Began as a Deep Elf Hunter on June 25, 2023.
             Slain by Ijyb
             ... wielding a +0 club
              (4 damage)
             ... on level 2 of the Dungeon.
             The game lasted 00:00:19 (520 turns).

qw the Shooter (Deep Elf Hunter)                     Turns: 520, Time: 00:00:20

Health: -1/20      AC:  4    Str: 10    XL:     3   Next: 5%
Magic:  5/5        EV: 12    Int: 13    God:
Gold:   49         SH:  0    Dex: 18    Spells: 2/2 levels left

rFire   . . .        Y - +1 shortbow
rCold   . . .        (shield currently unavailable)
rNeg    . . .        c - +0 leather armour
rPois   .            (no helmet)
rElec   .            (no cloak)
rCorr   .            (no gloves)
SInv    .            g - +0 pair of boots
Will    .....        (no amulet)
Stlth   ++           (no ring)
HPRegen 0.23/turn    (no ring)
MPRegen 0.09/turn

%: no passive effects
@: no status effects
A: no striking features
a: no special abilities


You were on level 2 of the Dungeon.
You visited 1 branch of the dungeon, and saw 2 of its levels.

You collected 49 gold pieces.


   Skills:
 - Level 1.5 Fighting
 + Level 6.6 Ranged Weapons
 - Level 2.4 Dodging
 - Level 1.2 Stealth


You had 2 spell levels left.
You didn't know any spells.
Your spell library was empty.

Inventory:

Hand Weapons
 Y - a +1 shortbow (weapon)
Armour
 c - a +0 leather armour (worn)
 g - a +0 pair of boots (worn)
Potions
 e - a potion of cancellation {unknown}
 i - a potion of might {unknown}

Dungeon Overview and Level Annotations

Branches:
Dungeon (2/15)

Altars:

Annotations:
D:2 Ijyb


Message History

The goblin hits you but does no damage.
You have reached level 3!
Your experience leads to an increase in your attributes!
Increase (S)trength, (I)ntelligence, or (D)exterity?
You feel stronger. x2
You shoot an arrow. The arrow hits the goblin!
You kill the goblin!
You shoot an arrow. The arrow barely misses Ijyb.
The arrow hits the goblin but does no damage.
You shoot an arrow. The arrow hits Ijyb.
Ijyb is lightly wounded.
Ijyb closely misses you.
You shoot an arrow. The arrow hits Ijyb.
Ijyb is lightly wounded.
Ijyb barely misses you. The goblin hits you with a +0 club.
You shoot an arrow. The arrow hits Ijyb but does no damage.
Ijyb is lightly wounded.
The goblin misses you. Ijyb hits you with a +0 club.
You shoot an arrow. The arrow hits Ijyb but does no damage.
Ijyb is lightly wounded.
Ijyb hits you with a +0 club. The goblin closely misses you.
You shoot an arrow. The arrow closely misses Ijyb.
Ijyb hits you with a +0 club. The goblin barely misses you.
You shoot an arrow. The arrow closely misses Ijyb.
Ijyb hits you but does no damage. The goblin hits you with a +0 club.
You shoot an arrow. The arrow barely misses Ijyb.
Ijyb hits you but does no damage. The goblin closely misses you.
You shoot an arrow. The arrow hits Ijyb.
Ijyb is moderately wounded.
Ijyb misses you. The goblin hits you but does no damage.
You shoot an arrow. The arrow closely misses Ijyb.
Ijyb barely misses you. The goblin barely misses you.
You shoot an arrow. The arrow hits Ijyb!
Ijyb is severely wounded.
Ijyb closely misses you. The goblin closely misses you.
You shoot an arrow. The arrow closely misses Ijyb.
Ijyb closely misses you. The goblin hits you with a +0 club.
Ijyb grins evilly.
Ijyb hits you with a +0 club.
You die...

###########.##.#...#.# .
#......<# #.##.......# ..
#.####### #.#####.####.#
#.# #.#..........### #.#
#.#.##.......... #.# #.#
#.)######## #.# #.# ##..#
#.# #.#.##..# #.#
#@g.##..# #.#
8.8.8.8g####..# #.#
......)g.###..# #.#
...........#..#### #.#
...........#.....# # #.#
...........#..##.# #.#.#
...........##)##.# #.#.#
8.8.8.8..........#
#.#...############.##.####


You could see Ijyb and 2 goblins.

Vanquished Creatures
  A dart slug (D:1)
  6 bats
  2 endoplasms (D:1)
  A giant cockroach (D:1)
  7 goblins
  A quokka (D:1)
  2 ball pythons (D:1)
  A frilled lizard (D:1)
  2 kobolds
  3 rats
26 creatures vanquished.

Notes
Turn   | Place    | Note
-------+----------+-------------------------------------------
     0 | D:1      | qw the Deep Elf Hunter began the quest for the Orb.
     0 | D:1      | Reached XP level 1. HP: 12/12 MP: 3/3
     0 | D:1      | 0 ||| qw: Version: 0.3-a-22-g0ed2b0b
     0 | D:1      | 0 ||| qw: Game counter: 4874
     0 | D:1      | 0 ||| qw: Melee chars always use a shield: true
     0 | D:1      | 0 ||| qw: God list: Okawaru
     0 | D:1      | 0 ||| qw: Allow faded altars: false
     0 | D:1      | 0 ||| qw: Do Orc after clearing Dungeon:15 true
     0 | D:1      | 0 ||| qw: Do second Lair branch before Depths: true
     0 | D:1      | 0 ||| qw: Lair rune preference: random
     0 | D:1      | 0 ||| qw: Goals: Normal
     0 | D:1      | 0 ||| PLANNING D:1-11
   100 | D:1      | Reached skill level 6 in Ranged Weapons
   100 | D:1      | Reached XP level 2. HP: 16/16 MP: 4/4
   185 | D:1      | Found a faded altar of an unknown god.
   356 | D:1      | 356 ||| UPGRADING to +0 pair of boots.
   361 | D:1      | 361 ||| READING scroll labelled QUITTUV PIAGUA.
   362 | D:1      | 362 ||| READING scroll labelled DUNOUTRE BUONU.
   363 | D:1      | 363 ||| READING scroll labelled NOGOXT YHIY.
   364 | D:1      | 364 ||| DROPPING scroll of butterflies.
   499 | D:2      | Noticed Ijyb
   508 | D:2      | Reached XP level 3. HP: 18/20 MP: 5/5
   515 | D:2      | HP: 4/20 [goblin/+0 club (2)]
   520 | D:2      | HP: 3/20 [goblin/+0 club (2)]
   520 | D:2      | Slain by Ijyb

Levels and vault maps discovered:
D:1:      noname_arrival_rooms_in_the_neighbourhood, layout_rooms,
          hellmonk_ecumenical_altar_blasted
D:2:      kennysheep_the_goblin_king, layout_basic, minmay_crystal_water,
          minmay_misc_feat_square

Skill      XL: |  1 |
---------------+----+-----
Ranged Weapons | 6 |  6.6
Fighting       | |  1.5
Dodging        | |  2.4
Stealth        | |  1.2

Action                     || total
---------------------------++-------
   Fire: Shortbow          ||    71
    Use: Scroll            ||     3
 Armour: Leather armour    ||     6
  Dodge: Dodged            ||    22

Table legend:
 A = Non-vault XP
 B = Vault XP
 C = Vault XP percentage of total XP
 D = Non-vault monster count
 E = Vault monster count
 F = Vault count percentage of total count
                 A         B        C        D         E       F
            +---------+---------+-------+---------+---------+-------
      Total |      36 |       8 |  18.2 |      22 |       4 |  15.4
            +---------+---------+-------+---------+---------+-------
        D:1 |      29 |       0 |   0.0 |      18 |       0 |   0.0
        D:2 |       7 |       8 |  53.3 |       4 |       4 |  50.0
            +---------+---------+-------+---------+---------+-------
